 Dungeon Crawl Stone Soup version 0.22.1-1-ga44c0e56f4 (webtiles) character file.

6783 Nixze the Thaumaturge (level 10, -3/56 HPs)
             Began as a Deep Elf Wizard on Nov 1, 2018.
             Was a Believer of Vehumet.
             Slain by a hornet (12 damage)
             ... on level 10 of the Dungeon.
             The game lasted 00:45:04 (16980 turns).

Nixze the Thaumaturge (Deep Elf Wizard)            Turns: 16980, Time: 00:45:08

Health: -3/56      AC: 10    Str:  4    XL:     10   Next: 76%
Magic:  1/26       EV: 18    Int: 27    God:    Vehumet [**....]
Gold:   325        SH: 11    Dex: 19    Spells: 12/29 levels left

rFire    . . .     SeeInvis .   L - staff of wizardry
rCold    . . .     Gourm    .   c - +1 shield
rNeg     . . .     Faith    .   D - +1 robe of Lilixt {+Fly rPois}
rPois    +         Spirit   .   b - +0 hat
rElec    .         Reflect  .   g - +2 cloak
rCorr    .         Harm     .   y - +2 pair of gloves
MR       ++...                  M - +0 pair of boots "Ihodor" {Dex+6}
Stlth    +++.......             (no amulet)
HPRegen  0.18/turn              n - ring of protection from magic
MPRegen  0.20/turn              G - +4 ring of evasion

@: about to teleport
A: no striking features
a: Renounce Religion, Evoke Flight


You were on level 10 of the Dungeon.
You worshipped Vehumet.
Vehumet was pleased with you.
You were hungry.

You visited 2 branches of the dungeon, and saw 12 of its levels.
You also visited: Sewer.

You collected 638 gold pieces.
You spent 313 gold pieces at shops.

Inventory:

Hand Weapons
 r - the +7 whip "Ossif" {pain, rC+}
   (You found it on level 8 of the Dungeon)

   In the hands of one skilled in necromantic magic, it inflicts extra damage on
   living creatures.
   It protects you from cold.
Armour
 b - a +0 hat (worn)
 c - a +1 shield (worn)
 g - a +2 cloak (worn)
 y - a +2 pair of gloves (worn)
 D - the +1 robe of Lilixt (worn) {+Fly rPois}
   (You found it on level 6 of the Dungeon)

   It protects you from poison.
   It lets you fly.
 I - the +1 robe "Qoig" {rC+}
   (You found it on level 7 of the Dungeon)

   It protects you from cold.
 M - the +0 pair of boots "Ihodor" (worn) {Dex+6}
   (You bought it in a shop on level 7 of the Dungeon)

   It affects your dexterity (+6).
Magical Staves
 L - an uncursed staff of wizardry (weapon)
Jewellery
 n - a ring of protection from magic (left hand)
 G - a +4 ring of evasion (right hand)
Wands
 f - a wand of random effects (25)
 l - a wand of paralysis (11)
 z - a wand of flame (37)
 B - a wand of digging (17)
Scrolls
 a - a scroll of fear
 m - 2 scrolls of magic mapping
 o - 3 scrolls of teleportation
 p - a scroll of blinking
 v - 3 scrolls of amnesia
 w - a scroll of enchant weapon {unknown}
 F - a scroll of acquirement {unknown}
 H - a scroll of immolation
 J - a scroll of fog
 K - a scroll of enchant armour
 N - a scroll of vulnerability {unknown}
Potions
 e - a potion of invisibility
 i - a potion of resistance
 j - 3 potions of haste
 k - 2 potions of heal wounds
 q - 3 potions of magic
 s - 3 potions of mutation
 t - 2 potions of lignification
 u - a potion of ambrosia
 x - 5 potions of curing
 A - 3 potions of might
 C - a potion of agility {unknown}
 E - a potion of brilliance {unknown}
 P - a potion of flight {unknown}
Comestibles
 d - 21 rations


   Skills:
 - Level 3.0 Fighting
 - Level 5.0 Dodging
 - Level 5.0 Stealth
 * Level 7.2 Shields
 - Level 10.0 Spellcasting
 - Level 7.0 Conjurations
   Level 1.1 Summonings
 - Level 3.0 Translocations
 - Level 5.0 Fire Magic
 - Level 4.0 Air Magic
 - Level 5.0 Poison Magic


You had 12 spell levels left.
You knew the following spells:

 Your Spells              Type           Power        Failure   Level  Hunger
a - Magic Dart            Conj           ####         1%          1    None
b - Blink                 Tloc           N/A          1%          2    None
c - Conjure Flame         Conj/Fire      #####...     1%          3    None
d - Mephitic Cloud        Conj/Pois/Air  #####...     1%          3    None
e - Dazzling Spray        Conj/Hex       ####..       3%          3    None
f - Confuse               Hex            ##......     14%         3    None
g - Ensorcelled Hibernat  Hex/Ice        ##....       7%          2    None

Your spell library contained the following spells:

 Spells                   Type           Power        Failure   Level  Hunger
 Throw Flame              Conj/Fire      #####.       1%          2    None
 Corona                   Hex            ##.....      4%          1    None
 Call Imp                 Summ           ###.....     4%          2    None
 Slow                     Hex            ##......     7%          2    None
 Tukima's Dance           Hex            ##......     14%         3    None


Dungeon Overview and Level Annotations

Branches:
Dungeon (11/15)            Temple (1/1) D:7
   Lair: D:8-11         Orc: D:9-12

Altars:
Ashenzari
Cheibriados
Dithmenos
Elyvilon
Fedhas
Gozag
Hepliaklqana
Kikubaaqudgha
Makhleb
Nemelex Xobeh
Okawaru
Qazlal
Ru
Sif Muna
Trog
Uskayaw
Vehumet
Wu Jian
Xom
Yredelemnul
Zin
The Shining One

Shops:
D:5 (   D:7 [(*[


Message History

* * * LOW HITPOINT WARNING * * *
You feel yourself slow down. The hornet completely misses you.
You feel much better. The hornet stings you!
You feel as though you will be slow longer.
You block the hornet's attack.
As you read the scroll of teleportation, it crumbles to dust.
You feel strangely unstable. You block the hornet's attack.
The hornet stings you.
Casting: Magic Dart (safe; 1% risk of failure)
Confirm with . or Enter, or press ? or * to list all spells.
Aiming: Magic Dart (safe; 1% risk of failure)
Press: ? - help, Shift-Dir - straight line, f/p - hornet
Aim: a hornet (lightly wounded)
The magic dart hits the hornet.
The hornet is moderately wounded.
You feel yourself speed up. The hornet stings you!
* * * LOW HITPOINT WARNING * * *
You block the hornet's attack. The hornet stings you!
You die...

######### #........
#####.####### ### #.....#
##########.####.##.########
#..........................
#.######..@.>.......#.#.#..
#.# #..y........###....#
#.# #...####.....#.#..##
#.# #..## ##.........## #.#
#..# ##...#....#..## #.#
#..###.....##.##.#.#
#######.#
#.)......(..#.##.#.)
........#
#..###.....##.##.#>)
#########
#.)###....###.##.#..


You could see a hornet.

Vanquished Creatures
  2 two-headed ogres (D:10)
  A cyclops (D:9)
  A hippogriff (D:6)
  A spriggan (D:7)
  A steam dragon (D:9)
  3 water moccasins
  4 orc warriors
  2 sky beasts (D:6)
  2 ice beasts
  A phantom (D:6)
  A black bear (D:9)
  4 necrophages
  5 ogres
  4 centaurs
  A crocodile (Sewer)
  6 bullfrogs
  3 scorpions
  8 wights
  A howler monkey (D:9)
  2 electric eels (D:7)
  7 crimson imps
  3 bullfrog zombies
  5 hounds
  A jelly (D:5)
  5 orc wizards
  7 orc priests
  A centaur skeleton (D:5)
  2 bullfrog skeletons
  2 iguanas
  7 worker ants
  A hound skeleton (D:6)
  A howler monkey zombie (D:8)
  7 gnolls
  12 adders
  A river rat (D:4)
  An ooze (D:1)
  2 adder skeletons
  4 worms
  3 dart slugs
  7 leopard geckos
  34 orcs
  7 giant cockroaches
  10 hobgoblins
  7 jackals
  15 kobolds
  3 quokkas
  2 ball pythons
  10 bats
  5 frilled lizards
  11 goblins
  A jackal skeleton (D:5)
  A leopard gecko skeleton (D:4)
  2 leopard gecko zombies
  2 quokka skeletons (D:6)
  13 rats
255 creatures vanquished.

Vanquished Creatures (others)
  An iguana (D:8)
1 creature vanquished.

Grand Total: 256 creatures vanquished

Notes
Turn   | Place    | Note
-------+----------+-------------------------------------------
     0 | D:1      | Nixze the Deep Elf Wizard began the quest for the Orb.
     0 | D:1      | Reached XP level 1. HP: 10/10 MP: 7/7
   207 | D:1      | Reached XP level 2. HP: 10/15 MP: 0/9
   439 | D:1      | Reached skill level 5 in Spellcasting
   710 | D:1      | Reached XP level 3. HP: 19/19 MP: 1/11
   911 | D:1      | Learned a level 2 spell: Blink
   915 | D:1      | Learned a level 3 spell: Conjure Flame
   919 | D:1      | Learned a level 3 spell: Mephitic Cloud
  1681 | D:2      | Reached XP level 4. HP: 24/24 MP: 0/13
  1689 | D:2      | Reached skill level 1 in Poison Magic
  2489 | D:2      | Reached skill level 1 in Fire Magic
  2489 | D:2      | Reached skill level 1 in Air Magic
  2662 | D:3      | Reached XP level 5. HP: 28/28 MP: 6/15
  3259 | D:3      | Reached skill level 6 in Spellcasting
  3377 | D:3      | Found a blossoming altar of Fedhas.
  3722 | D:3      | Found a hazy altar of Hepliaklqana.
  3997 | D:4      | Found a glowing drain.
  4047 | Sewer    | Entered a sewer
  4206 | Sewer    | Noticed a crocodile
  4269 | Sewer    | Killed a crocodile
  4269 | Sewer    | Reached XP level 6. HP: 5/32 MP: 1/17
  5619 | D:4      | Reached XP level 7. HP: 36/36 MP: 4/19
  5840 | D:4      | Reached skill level 7 in Spellcasting
  6072 | D:4      | Found a burning altar of Makhleb.
  6197 | D:4      | Reached skill level 5 in Conjurations
  6322 | D:5      | Entered Level 5 of the Dungeon
  6457 | D:5      | Found a shattered altar of Ashenzari.
  6458 | D:5      | Found a shimmering altar of Xom.
  6519 | D:5      | Reached skill level 8 in Spellcasting
  6828 | D:5      | Found Fuzygof's Weapon Shoppe.
  7104 | D:5      | Reached XP level 8. HP: 39/42 MP: 12/22
  7434 | D:4      | Learned a level 3 spell: Dazzling Spray
  7438 | D:4      | Learned a level 3 spell: Confuse
  7441 | D:4      | Learned a level 2 spell: Ensorcelled Hibernation
  7745 | D:6      | Noticed a hippogriff
  7815 | D:6      | Killed a hippogriff
  7815 | D:6      | Reached skill level 1 in Fighting
  8059 | D:6      | Got an opalescent robe
  8080 | D:6      | Identified the +1 robe of Lilixt {+Fly rPois} (You found it
                  | on level 6 of the Dungeon)
  8634 | D:6      | Reached XP level 9. HP: 39/47 MP: 11/23
  9123 | D:6      | Reached skill level 9 in Spellcasting
  9670 | D:6      | Found a radiant altar of Vehumet.
  9698 | D:6      | Became a worshipper of Vehumet
  9969 | D:7      | Found Huyb Tyd's Weapon Shop.
 10275 | D:7      | Found Apagacs's Armour Shop.
 10284 | D:7      | Bought the +0 pair of boots "Ihodor" {Dex+6} for 313 gold
                  | pieces
 10437 | D:7      | Found Iczuolun's Antique Armour Emporium.
 10460 | D:7      | Found Araodoiq's Assorted Antiques.
 10689 | D:7      | Found a staircase to the Ecumenical Temple.
 10698 | Temple   | Entered the Ecumenical Temple
 10887 | D:7      | Found an iron altar of Okawaru.
 11172 | D:7      | Reached skill level 5 in Stealth
 11172 | D:7      | Reached skill level 1 in Shields
 11318 | D:7      | Got a bloodstained robe
 11329 | D:7      | Identified the +1 robe "Qoig" {rC+} (You found it on level
                  | 7 of the Dungeon)
 11368 | D:7      | Reached skill level 5 in Fire Magic
 11368 | D:7      | Reached skill level 5 in Poison Magic
 11568 | D:8      | Got a shimmering whip
 11577 | D:7      | Identified the +7 whip "Ossif" {pain, rC+} (You found it on
                  | level 8 of the Dungeon)
 11638 | D:8      | Reached skill level 5 in Dodging
 12077 | D:8      | Reached * piety under Vehumet
 12077 | D:8      | Offered knowledge of Flame Tongue by Vehumet.
 13098 | D:9      | Noticed a cyclops
 13393 | D:9      | Reached XP level 10. HP: 55/55 MP: 5/25
 13713 | D:9      | Got a thick robe
 13724 | D:9      | Identified the +1 robe of Ynij {+Fly} (You found it on
                  | level 9 of the Dungeon)
 14024 | D:9      | Reached skill level 10 in Spellcasting
 14240 | D:9      | Found a stormy altar of Qazlal.
 14377 | D:9      | Killed a cyclops
 14377 | D:9      | Offered knowledge of Throw Flame by Vehumet.
 14863 | D:10     | Entered Level 10 of the Dungeon
 15336 | D:10     | Reached skill level 5 in Shields
 15407 | D:10     | Reached ** piety under Vehumet
 15920 | D:10     | Noticed a two-headed ogre
 15929 | D:10     | Killed a two-headed ogre
 16019 | D:10     | Noticed a two-headed ogre
 16076 | D:10     | Killed a two-headed ogre
 16922 | D:11     | Noticed a two-headed ogre
 16980 | D:10     | Slain by a hornet

Skill      XL: |  1  2  3  4  5  6  7  8  9 10 |
---------------+-------------------------------+-----
Conjurations   | 2 3 4 5 6 7 |  7.0
Spellcasting   | 5 6 8 9 10 | 10.0
Poison Magic   | 1 2 3 4 5 |  5.0
Fire Magic     | 1 2 3 4 5 |  5.0
Air Magic      | 1 2 3 4 |  4.0
Dodging        | 3 5 |  5.0
Stealth        | 4 5 |  5.0
Fighting       | 1 3 |  3.0
Translocations | 2 3 |  3.0
Shields        | 2 7 |  7.2
Summonings     | |  1.1

Action                   |  1- 3 |  4- 6 |  7- 9 | 10-12 || total
-------------------------+-------+-------+-------+-------++-------
Melee: Club              |    14 |     7 |       |       ||    21
       Short sword       |       |     4 |     9 |       ||    13
       Staff             |       |       |       |     5 ||     5
 Cast: Magic Dart        |   104 |   240 |   508 |   204 ||  1056
       Blink             |     2 |       |       |       ||     2
       Mephitic Cloud    |       |     3 |    15 |     7 ||    25
       Conjure Flame     |       |     6 |    28 |    12 ||    46
       Dazzling Spray    |       |       |    12 |    58 ||    70
  Use: Scroll            |       |    12 |     6 |     7 ||    25
       Potion            |       |     1 |     1 |     1 ||     3
 Stab: Invisible         |       |     1 |       |       ||     1
  Eat: Chunk             |     2 |    12 |    19 |    11 ||    44
       Ration            |       |       |     1 |       ||     1
Armor: Robe              |    11 |    12 |    40 |    13 ||    76
Dodge: Dodged            |    22 |    28 |    67 |    47 ||   164
Block: Shield            |       |       |     9 |    57 ||    66
